AoeStats
← ankg

Arabia

506860566Analyzed
3v3 RM · 16d ago on Sep 15, 2026· 45m 51s· 6 players
Game mode
Random Map
Map size
Normal (6 player)
Population
200
Speed
Normal
Resources
Standard
Victory
Conquest
Starting age
Dark Age
Ending age
Imperial Age
RankedLock teamsTeams togetherTeam positionsShared explorationLock speedFull tech treeHidden civsTurbo modeCheats
Victory
Defeat
🇨🇳 Cumans · China
897
+12
🇨🇳 Persians · China
865
+13
🇨🇳 Franks · China
806
+41
🇬🇧 Vikings · United Kingdom
812
-14
🇨🇳 Burmese · China
806
-14
🇩🇪 Persians · Germany
803
-14
Noob.
0:36 Loom
0:41 Loom
11:54 Feudal Age
12:30 Horse Collar
12:43 Man-at-Arms
13:15 Arson
14:33 Forging
16:33 Scale Mail Armor
24:11 Castle Age
22:23 Scale Barding Armor
23:47 Bloodlines
23:58 Gold Mining
26:02 Iron Casting
25:47 Chain Barding Armor
25:45 Heavy Plow
26:40 Husbandry
35:03 Imperial Age
35:25 Chain Mail Armor
36:27 Conscription
36:10 Squires
36:02 Gambesons
35:38 Long Swordsman
37:27 Blast Furnace
37:34 Crop Rotation
37:32 Two-Handed Swordsman
37:36 Pikeman
38:37 Elite Battle Elephant
ek55
7:33 Loom
10:32 Feudal Age
12:53 Horse Collar
15:46 Double-Bit Axe
17:55 Wheelbarrow
17:11 Town Watch
22:51 Castle Age
20:44 Gold Mining
21:09 Scale Barding Armor
21:24 Stone Mining
22:00 Bloodlines
23:49 Husbandry
29:18 Chain Barding Armor
29:10 Bow Saw
29:26 Fletching
30:24 Heavy Plow
31:02 Gold Shaft Mining
30:05 Elite Skirmisher
31:04 Forging
30:26 Pikeman
31:06 Squires
32:13 Bodkin Arrow
32:55 Iron Casting
35:25 Imperial Age
35:45 Hand Cart
35:28 Heavy Camel Rider
37:24 Chemistry
35:51 Cavalier
37:38 Two-Man Saw
37:11 Crop Rotation
37:32 Stone Shaft Mining
38:43 Conscription
39:21 Ballistics
38:52 Heated Shot
43:35 Padded Archer Armor
43:06 Savar
44:26 Plate Barding Armor
King Snake
5:30 Loom
12:01 Feudal Age
413401132
5:17 Loom
9:57 Feudal Age
12:31 Double-Bit Axe
13:29 Wheelbarrow
14:02 Horse Collar
15:08 Gold Mining
20:30 Stone Mining
23:19 Castle Age
24:32 Bow Saw
24:59 Gold Shaft Mining
26:05 Hand Cart
26:43 Heavy Plow
26:59 Pikeman
29:07 Bloodlines
29:38 Scale Barding Armor
29:44 Forging
31:39 Light Cavalry
32:27 Town Watch
36:39 Imperial Age
34:46 Town Patrol
35:11 Chain Barding Armor
35:27 Iron Casting
35:00 Steppe Husbandry
35:57 Capped Ram
36:43 Elite Steppe Lancer
36:50 Cavalier
38:46 Plate Barding Armor
39:12 Blast Furnace
38:36 Conscription
38:04 Siege Ram
41:10 Paladin
ankg
13:02 Feudal Age
14:29 Wheelbarrow
14:44 Wheelbarrow
14:04 Double-Bit Axe
15:35 Town Watch
15:50 Stone Mining
18:42 Scale Mail Armor
18:52 Scale Barding Armor
19:00 Forging
19:43 Gold Mining
20:04 Loom
20:06 Man-at-Arms
27:45 Castle Age
27:54 Scale Mail Armor
29:11 Pikeman
29:53 Squires
30:00 Husbandry
29:21 Light Cavalry
30:36 Caravan
31:53 Gold Shaft Mining
33:38 Hand Cart
33:24 Town Patrol
35:28 Chain Barding Armor
40:49 Iron Casting
zh56956
12:30 Feudal Age
12:56 Double-Bit Axe
12:55 Horse Collar
19:16 Castle Age
19:06 Fletching
20:05 Bow Saw
21:30 Crossbowman
25:37 Wheelbarrow
25:27 Stone Mining
26:02 Padded Archer Armor
28:25 Gold Mining
31:19 Hand Cart
31:18 Squires
32:51 Pikeman
34:32 Kamandaran
34:34 Bodkin Arrow
36:30 Thumb Ring
36:45 Leather Archer Armor
40:21 Imperial Age
38:41 Scale Mail Armor
38:51 Forging
40:35 Ballistics
40:59 Masonry
41:27 Ring Archer Armor
43:17 Conscription
Connection lost

Rejoining the realm…

Still unreachable

The connection could not be restored.

Session expired

The server has moved on; the page needs a fresh start.